 Dungeon Crawl Stone Soup version 0.29-a0-821-g66395355a5 (webtiles) character file.

Game seed: 8105921734276561633

135 xian the Conjurer (level 5, -2/31 HPs)
             Began as an Octopode Conjurer on July 7, 2022.
             Slain by a lemure (4 damage)
             ... led by Pikel
             ... on level 3 of the Dungeon.
             The game lasted 00:09:45 (3889 turns).

xian the Conjurer (Octopode Conjurer)               Turns: 3889, Time: 00:09:46

Health: -2/31      AC:  1    Str: 12    XL:     5   Next: 18%
Magic:  8/8        EV: 13    Int: 22    God:
Gold:   116        SH:  3    Dex: 13    Spells: 6/9 levels left

rFire   . . .      SeeInvis .   o - +4 short sword of Sequestration {pain, Dex+2}
rCold   + . .      Faith    .   h - +0 buckler
rNeg    . . .      Spirit   .   (helmet restricted)
rPois   .          Reflect  .   (no amulet)
rElec   .          Harm     .   d - ring of protection from cold
rCorr   .          Rampage  .   p - +6 ring of strength
Will    .....                   (no ring)
Stlth   +++.......              (no ring)
HPRegen 0.10/turn               (no ring)
MPRegen 0.11/turn               (no ring)
                                (no ring)
                                (no ring)

@: about to teleport, studying Poison Magic
A: almost no armour, amphibious, 8 rings, camouflage 1, gelatinous body 1,
(nimble swimmer 1), tentacles
a: no special abilities


You were on level 3 of the Dungeon.
You visited 1 branch of the dungeon, and saw 4 of its levels.

You collected 116 gold pieces.

Inventory:

Hand Weapons
 o - the +4 short sword of Sequestration (weapon) {pain, Dex+2}
   (You found it on level 3 of the Dungeon)

   In the hands of one skilled in necromantic magic, it inflicts extra damage on
   living creatures.
   Dex:       It affects your dexterity (+2).
Armour
 h - a +0 buckler (worn)
Jewellery
 d - a ring of protection from cold (left tentacle)
 p - a +6 ring of strength (right tentacle)
Wands
 c - a wand of flame (24)
Scrolls
 b - a scroll of blinking {unknown}
 i - a scroll of immolation {unknown}
 j - a scroll of enchant armour {unknown}
 k - a scroll of vulnerability {unknown}
Potions
 a - a potion of magic
 e - a potion of flight {unknown}
 f - a potion of brilliance
 g - a potion of mutation {unknown}
 m - a potion of resistance
 n - a potion of ambrosia {unknown}
 q - a potion of curing {unknown}


   Skills:
 + Level 0.3 Short Blades
 + Level 2.2 Dodging
 + Level 3.6 Stealth
 + Level 0.1 Unarmed Combat
 + Level 2.5 Spellcasting
 + Level 5.6 Conjurations


You had 6 spell levels left.
You knew the following spells:

 Your Spells              Type           Power      Damage    Failure   Level
a - Magic Dart            Conj           100%       1d8       1%          1
b - Searing Ray           Conj           54%        2d6       2%          2

Your spell library contained the following spells:

 Spells                   Type           Power      Damage    Failure   Level
 Dazzling Flash           Conj/Hex       30%        N/A       17%         3
 Slow                     Hex            8%         N/A       19%         1
 Portal Projectile        Hex/Tloc       4%         N/A       47%         3
 Tukima's Dance           Hex            2%         N/A       47%         3
 Fulminant Prism          Conj/Hex       7%         3d7       50%         4
 Iskenderun's Mystic Bla  Conj/Tloc      15%        2d5       50%         4
 Leda's Liquefaction      Hex/Erth       1%         N/A       87%         4
 Blade Hands              Tmut           1%         N/A       99%         5
 Summon Mana Viper        Hex/Summ       2%         N/A       99%         5


Dungeon Overview and Level Annotations

Branches:
Dungeon (4/15)
 Temple: D:4-7

Altars:
Fedhas
Okawaru

Annotations:
D:3 Pikel


Innate Abilities, Weirdness & Mutations

You cannot wear most types of armour.
You are amphibious.
You can wear up to eight rings at the same time.
Your skin changes colour to match your surroundings (Stealth+).
Your rubbery body absorbs attacks. (AC +1, EV +1)
((You are camouflaged when in or above water. (Stealth+)))
You have tentacles for arms and can constrict up to eight enemies at once.


Message History

The lemure closely misses you.
As you read the scroll labelled DYUZXI OCEO, it crumbles to dust.
You feel strangely unstable.
It was a scroll of teleportation.
You block the lemure's attack. The lemure attacks as you move away!
The lemure hits you.
* * * LOW HITPOINT WARNING * * *
Your surroundings suddenly seem different.
You start resting.
Pikel is nearby!
There is a stone staircase leading down here.
Items here: ))))))) [[.
You see here a +0 dagger.
You see here a +0 dagger.
You start resting.
Magic restored.
You start resting.
HP restored.
Done exploring.
You see here a +0 dagger.
Items here: ))))))) [[.
There is a stone staircase leading down here.
There is a stone staircase leading down here.
Done exploring.
There is a stone staircase leading down here.
You climb downwards.
The lemure closely misses you. The lemure hits you!
There is a stone staircase leading up here.
The lemure hits you. The lemure barely misses you.
You climb upwards.
Level annotation: Pikel
There is a stone staircase leading down here.
The lemure attacks as you move away! The lemure hits you!
The lemure attacks as you move away! The lemure hits you.
* * * LOW HITPOINT WARNING * * *
The lemure attacks as you move away! The lemure barely misses you.
The lemure hits you.
* * * LOW HITPOINT WARNING * * *
Okay, then.
As you read the scroll of teleportation, it crumbles to dust.
You feel strangely unstable. The lemure barely misses you. The lemure hits you.
You die...

#..##......[.....................
##.####.##.#.>.##############....
........##..##...## #....
######..###.###...# #....
#§≈≈≈#..# #.# ##..### #....
#§._≈#..# #.# #....#### #....
#≈.>≈#..###.#####......# ###..
#≈≈≈≈'..##.............# #.#
######..##.....5@......# ###.#
.............>.5.......# #...#
.##.##..##.............# #.###
###....#####...####....# ##.#
###..### #..[.# ####>#####.[#
.....# ####..#.# #.).)...##
.###.####.....#)# ######..####
.###......###.#.# #..#....
###...##### #.#.# ##.......


You could see 2 lemures.

Vanquished Creatures
  Robin (D:3)
  3 adders
  2 worms
  3 dart slugs
  4 ball pythons
  7 bats
  4 endoplasms
  3 giant cockroaches
  17 goblins
  11 hobgoblins
  5 jackals (D:3)
  A kobold (D:1)
  2 quokkas
  5 frilled lizards
  9 rats
77 creatures vanquished.

Notes
Turn   | Place    | Note
-------+----------+-------------------------------------------
     0 | D:1      | xian the Octopode Conjurer began the quest for the Orb.
     0 | D:1      | Reached XP level 1. HP: 11/11 MP: 3/3
   113 | D:1      | Reached XP level 2. HP: 17/17 MP: 1/5
   116 | D:1      | Learned a level 2 spell: Searing Ray
   734 | D:1      | Found a faded altar of an unknown god.
   861 | D:1      | Reached XP level 3. HP: 21/21 MP: 1/6
  1892 | D:2      | Got the Quarto of Guile
  1919 | D:2      | Reached skill level 5 in Conjurations
  2002 | D:2      | Reached XP level 4. HP: 27/27 MP: 5/7
  2865 | D:3      | Identified the +4 short sword of Sequestration {pain,
                  | Dex+2}
  2994 | D:3      | Noticed Robin
  3013 | D:3      | HP: 1/27 [goblin/+0 dagger[Robin] (3)]
  3018 | D:3      | Killed Robin
  3019 | D:3      | Reached XP level 5. HP: 19/31 MP: 2/8
  3184 | D:3      | Found an iron altar of Okawaru.
  3421 | D:3      | Found a blossoming altar of Fedhas.
  3552 | D:4      | Noticed a lemure
  3553 | D:4      | Noticed Pikel
  3553 | D:4      | Noticed a lemure
  3553 | D:4      | Noticed a lemure
  3555 | D:4      | Noticed a lemure
  3889 | D:3      | Slain by a lemure

Illustrated notes

Levels and vault maps discovered:
D:1:      evilmike_arrival_plus, layout_loops_corners,
          chequers_ecumenical_altar_simple_redux, lemuel_old_faithful
D:2:      layout_basic
D:3:      layout_rooms, okawaru_gym_becter, general_overflow_altar,
          minmay_misc_feat_room, uniq_robin
D:4:      layout_loops_ring, lemuel_zombie_altar_yredelemnul,
          minmay_temple_entry_waves, dreamdust_gnoll_farm, uniq_pikel

Skill      XL: |  1  2  3 |
---------------+----------+-----
Stealth        | 3 |  3.6
Conjurations   | 5 |  5.6
Short Blades   | |  0.3
Dodging        | |  2.2
Unarmed Combat | |  0.1
Spellcasting   | |  2.5

Action                   |  1- 3 |  4- 6 || total
-------------------------+-------+-------++-------
Melee: Unarmed           |     6 |       ||     6
       Dagger            |     2 |     2 ||     4
       Constrict         |     1 |     5 ||     6
       Tentacles         |     1 |     2 ||     3
       Short sword       |       |    32 ||    32
 Cast: Magic Dart        |    75 |    34 ||   109
       Searing Ray       |       |     5 ||     5
  Use: Scroll            |     4 |     4 ||     8
       Potion            |       |     1 ||     1
 Stab: Sleeping          |       |     1 ||     1
Armor: Skin              |       |     4 ||     4
Dodge: Dodged            |     8 |    26 ||    34
Block: Buckler           |       |     8 ||     8

Table legend: (Time is in decaauts)
 A = Elapsed time spent in this place.
 B = Non-inter-level travel time spent in this place.
 C = Inter-level travel time spent in this place.
 D = Time resting spent in this place.
 E = Time spent auto-exploring this place.
 F = Levels seen in this place.
 G = Mean time per level.
                   A        B        C        D        E       F      G
               +--------+--------+--------+--------+--------+-----+--------+
         Total |   3892 |   3822 |     70 |    257 |   3107 |   4 |  973.0 |
       Dungeon |   3892 |   3822 |     70 |    257 |   3107 |   4 |  973.0 |
               +--------+--------+--------+--------+--------+-----+--------+

Top non-repeatable levels by time:
     D:1: 1584 daAuts
     D:2: 1179 daAuts
     D:3: 1114 daAuts
     D:4: 13 daAuts
